 Dungeon Crawl Stone Soup version 0.20-a0-792-g09bcfd3 (webtiles) character file.

56 GlassEater the Cutter (level 4, 0/29 HPs)
             Began as a Kobold Berserker on Mar 2, 2017.
             Was a Believer of Trog.
             Slain by a kobold (2 damage)
             ... on level 2 of the Dungeon.
             The game lasted 00:03:20 (1607 turns).

GlassEater the Cutter (Kobold Berserker)            Turns: 1607, Time: 00:03:20

Health: 0/29       AC:  2    Str: 14    XL:     4   Next: 15%
Magic:  4/4        EV: 16    Int:  8    God:    Trog [**....]
Gold:   70         SH:  0    Dex: 15    Spells: 3/3 levels left

rFire    . . .     SeeInvis .   a - +0 short sword
rCold    . . .     Gourm    .   k - +0 robe (curse)
rNeg     . . .     Faith    .   (shield restricted)
rPois    .         Spirit   .   (no helmet)
rElec    .         Reflect  .   (no cloak)
rCorr    .         Harm     .   (no gloves)
MR       ++...                  (no boots)
Stlth    +.........             (no amulet)
Regen    1.1/turn               (no ring)
MPRegen  0.1/turn               (no ring)

@: lethally poisoned (0 -> 0), exhausted, regenerating, slowed, very slow
A: carnivore 3
a: Berserk, Trog's Hand, Burn Spellbooks, Renounce Religion


You were on level 2 of the Dungeon.
You worshipped Trog.
Trog was pleased with you.
You were full.

You visited 1 branch of the dungeon, and saw 2 of its levels.

You collected 70 gold pieces.

Inventory:

Hand Weapons
 a - a +0 short sword (weapon)
Armour
 k - a cursed +0 robe (worn)
Scrolls
 b - a scroll of immolation {unknown}
 e - 2 scrolls of enchant armour {unknown}
 f - a scroll of identify {unknown}
 j - a scroll of remove curse {unknown}
Potions
 d - a potion of lignification {unknown}
 g - 3 potions of curing {unknown}
 h - a potion of resistance {unknown}
 i - a potion of heal wounds {unknown}
Comestibles
 c - a meat ration


   Skills:
 + Level 4.0 Fighting
 + Level 4.9 Short Blades
 - Level 1.5 Armour
 + Level 3.4 Dodging


You had 3 spell levels left.
You didn't know any spells.

Dungeon Overview and Level Annotations

Branches:
Dungeon (2/15)

Altars:
Okawaru


Innate Abilities, Weirdness & Mutations

You are small and have problems with some larger weapons.
You are carnivorous and can eat meat at any time.


Message History

You puncture the adder!
The adder is heavily wounded.
The kobold closely misses you. The adder bites you.
* * * LOW HITPOINT WARNING * * *
You are lethally poisoned!
The adder poisons you!
Your skin crawls.
You feel resistant to hostile enchantments.
You feel somewhat less full.
You feel sick. The adder misses you. The kobold misses you.
The adder completely misses you. The kobold completely misses you.
You feel sick. The adder bites you.
* * * LOW HITPOINT WARNING * * *
You are more poisoned.
The adder poisons you!
Okay, then.
You feel sick. The adder bites you.
* * * LOW HITPOINT WARNING * * *
The kobold hits you.
You die...

##.#). .............
#.#### #.......... #.#
#.....!.... #.#
#........# #.#
#........# #.#
#........# #.#
#........#
#.######.).....S#####
##.(....).)(...K@?...#
#..........$..#......#
###......####.#.$....#
#......# #.#......#
#......# #.#......#
#......# #.#......#
#......# #.#......#
######## .#......#


You could see an adder and a kobold.

Vanquished Creatures
  An adder (D:2)
  A leopard gecko (D:1)
  3 bats
  A giant cockroach (D:1)
  9 goblins
  7 hobgoblins
  4 jackals (D:1)
  5 kobolds
  2 quokkas (D:2)
  3 frilled lizards
  A rat (D:1)
37 creatures vanquished.

Notes
Turn   | Place    | Note
-------+----------+-------------------------------------------
     0 | D:1      | GlassEater the Kobold Berserker began the quest for the Orb.
     0 | D:1      | Reached XP level 1. HP: 14/14 MP: 1/1
   246 | D:1      | Reached XP level 2. HP: 10/19 MP: 2/2
   825 | D:1      | Reached XP level 3. HP: 24/24 MP: 3/3
  1121 | D:1      | Reached ** piety under Trog
  1378 | D:2      | Found an iron altar of Okawaru.
  1561 | D:2      | Reached XP level 4. HP: 23/29 MP: 4/4
  1607 | D:2      | Slain by a kobold

Vault maps used:
D:1:      minmay_arrival_three_doors
D:2:      okawaru_metal_pillars_3, first_bread

Skill      XL: |  1  2  3 |
---------------+----------+-----
Dodging        | 3 |  3.4
Fighting       | 4 |  4.0
Short Blades   | |  4.9
Armour         | |  1.5

Action                   |  1- 3 |  4- 6 || total
-------------------------+-------+-------++-------
Melee: Short sword       |   126 |    15 ||   141
Invok: Berserk           |     3 |     1 ||     4
       Trog's Hand       |       |     1 ||     1
  Eat: Chunk             |    11 |       ||    11
Armor: Animal skin       |    11 |       ||    11
       Ring mail         |     9 |       ||     9
       Robe              |       |     4 ||     4
Dodge: Dodged            |    85 |    38 ||   123
